Unix NetHack Version 5.0.0-0 post-release - last build Jun 10 2026 00:39:30 (3ee93aec679c4c4259841fe613dc97188e26a321,branch:main).

Game began 2026-06-13 15:58:18, ended 2026-06-13 16:28:46.

IanCurtis, chaotic male elven Wizard

                                                        ----.---
                                                ---------..<%.#..
                                               |..hi()%.)...).)...
                                               |  ------%.........
                                                       ....--....A
                                                       -..----.-
                                                        ---  --.

IanCurtis the Thaumaturge  St:11 Dx:14 Co:16 In:19 Wi:9 Ch:10  Chaotic
Dlvl:11 $:169 HP:0(49) Pw:5(86) AC:8  Xp:7 T:3613 

Latest messages:
 You kill the gnome lord!
 There are several objects here.
 The giant zombie hits!
 The giant zombie hits again!
 The magic-absorbing blade stuns the giant zombie!
 You destroy the giant zombie!
 There is a gnome lord corpse here; eat it? [ynq] (n) y
 Blecch!  Rotten food!
 The world spins and goes dark.
 The gnome throws a dagger!
 A dagger misses you.
 You are conscious again.
 There is a partly eaten gnome lord corpse here; eat it? [ynq] (n) y
 You resume your meal.
 The gnome wields a bow!
 The gnome shoots an arrow!
 You are hit by an arrow.
 You stop eating the gnome lord corpse.
 The gnome wields 2 daggers!
 The daggers weld themselves to the gnome's hand!
 The gnome tries to wield a bow.
 The gnome's daggers are welded to her hand!
 You kill the gnome!
 There are several objects here.
 The gnome throws a dart!
 You are almost hit by a dart.
 The gnome throws a dart!
 You are hit by a dart.
 You see here a gnome corpse.
 You hit the gnome!
 You kill the gnome!
 You hear crashing rock.
 X - a partly used candle (lit).
 The statue comes to life!
 Please move the cursor to a monster, object or location.
 (For instructions type a '?')
 You hit the quasit!
 The quasit hits!
 The quasit's sting was poisoned!
 The quasit hits again!
 The quasit's sting was poisoned!
 The quasit bites!
 The hobbit throws a dagger!
 The dagger misses the quasit.
 You are almost hit by a dagger.
 The quasit hits!
 The quasit hits again!
 The quasit bites!
 You die...
 Do you want your possessions identified? [ynq] (y) q

Inventory:
 Coins    ('$')
  $ - 169 gold pieces
 Weapons  (')')
  W - 5 +0 arrows
  a - the rustproof +0 Magicbane (weapon in right hand)
  Q - a blessed +1 quarterstaff
 Armor    ('[')
  A - a blessed +0 orcish helm (being worn)
  I - an uncursed +0 cloak of invisibility
  b - an uncursed +0 cloak of magic resistance (being worn)
 Comestibles  ('%')
  C - 2 uncursed slime molds
  H - 5 uncursed food rations
  z - 2 uncursed tripe rations
 Scrolls  ('?')
  E - an uncursed scroll of amnesia
  V - a blessed scroll of blank paper
  G - 2 uncursed scrolls of blank paper
  y - a cursed scroll of blank paper
  O - an uncursed scroll of enchant armor
  R - an uncursed scroll of enchant weapon
  j - an uncursed scroll of identify
  i - an uncursed scroll of light
 Potions  ('!')
  w - an uncursed potion of confusion
  h - an uncursed potion of levitation
  U - an uncursed potion of object detection
  D - an uncursed potion of oil
  g - an uncursed potion of sleeping
  K - a potion of holy water
  f - 2 uncursed potions of water
 Rings    ('=')
  S - an uncursed +2 ring of adornment
  F - a cursed -1 ring of increase damage
  v - an uncursed ring of invisibility (on right hand)
  N - an uncursed ring of searching
  e - an uncursed ring of teleport control
 Wands    ('/')
  c - a wand of probing (0:4)
  J - a wand of stasis (0:6)
 Tools    ('(')
  Z - a cursed blindfold
  M - a magic marker (0:64)
  n - a magic marker (0:19)
  r - an uncursed magic whistle named magic
  d - a +0 pick-axe
  k - an uncursed skeleton key
  s - an uncursed stethoscope
  B - 2 uncursed tallow candles
  X - an uncursed partly used tallow candle (lit)
  T - an uncursed partly used wax candle

IanCurtis the Wizard's attributes:

Background:
 You were a Thaumaturge, a level 7 male elven Wizard.
 You were chaotic, on a mission for Anhur
 who was opposed by Ptah (lawful) and Thoth (neutral).
 You were right-handed.
 You were in the Gnomish Mines, on level 11.
 You entered the dungeon 3613 turns ago.
 You had 982 experience points, 298 more were needed to attain level 8.

Basics:
 You had 0 out of 49 hit points.
 You had 5 out of 86 energy points (spell power).
 Your armor class was 8.
 Your wallet contained 169 zorkmids.
 Autopickup was off.

Final Characteristics:
 Your strength was 11 (limit:18).
 Your dexterity was 14 (limit:18).
 Your constitution was 16 (limit:16).
 Your intelligence was 19 (limit:20).
 Your wisdom was 9 (limit:20).
 Your charisma was 10 (limit:18).

Final Status:
 You weren't hungry.
 You were unencumbered.
 You were wielding a dagger.
 You had basic skill with dagger.

Final Attributes:
 You were piously aligned.
 You were magic-protected.
 You were sleep resistant.
 You were telepathic.
 You had infravision.
 You were invisible.
 You were warded.
 You are dead.

Miscellaneous:
 You didn't encounter any bones levels.
 Total elapsed playing time was 30 minutes and 28 seconds.

Major events:
 Turn
    1: IanCurtis the chaotic male elven Wizard entered the dungeon
 1131: attained the rank of Conjurer (level 3)
 1766: entered the Gnomish Mines
 1789: was bestowed with Magicbane by Anhur
 2168: reached Mine Town
 2472: attained the rank of Thaumaturge (level 6)
 3613: killed by a quasit

Spells:
 Name                 Level Category     Fail Retention
 force bolt             1   attack         0%   81%-85%
 chain lightning        2   attack         0%   81%-85%
 detect food            2   divination    54%  76%-100%
 haste self             3   escape        81%  76%-100%

Skills:
 Fighting Skills
   bare handed combat [Unskilled]
   riding             [Unskilled]
 Weapon Skills
   dagger             [Basic]
   knife              [Unskilled]
   axe                [Unskilled]
   short sword        [Unskilled]
   club               [Unskilled]
   mace               [Unskilled]
   quarterstaff       [Basic]
   polearms           [Unskilled]
   spear              [Unskilled]
   trident            [Unskilled]
   sling              [Unskilled]
   dart               [Unskilled]
   shuriken           [Unskilled]
 Spellcasting Skills
   attack spells      [Skilled]
   healing spells     [Unskilled]
   divination spells  [Unskilled]
   enchantment spells [Basic]
   clerical spells    [Unskilled]
   escape spells      [Unskilled]
   matter spells      [Unskilled]

Voluntary challenges:
 Character rerolling was not enabled.
 You never genocided any monsters.
 You never polymorphed an object.
 You never changed form.
 You used no wishes.
Achievements:
 You attained the rank of Conjurer.
 You entered a shop.
 You entered the Gnomish Mines.
 You entered Minetown.
 You entered a temple.
 You attained the rank of Thaumaturge.

 The Dungeons of Doom: levels 1 to 3
    Level 1:
       A grave.
    Level 2:
       A general store.
    Level 3:
       Some altars to Anhur, a fountain.
       Stairs down to The Gnomish Mines.
 The Gnomish Mines: levels 4 to 11
    Level 4:
    Level 5:
    Level 6:
       Some shops, a temple and an altar to Anhur, some fountains.
    Level 7:
    Level 8:
    Level 9:
    Level 10:
    Level 11: <- You were here.
       Final resting place for
          you, killed by a quasit.


Vanquished creatures:
  a giant zombie
  a gnome ruler
  a dwarf leader
 an ape
 an orc shaman
 10 gnome leaders
  2 gnomish wizards
  a paper golem
  2 floating eyes
  a kitten
 11 dwarves
  2 giant bats
  2 iguanas
  2 coyotes
  a gas spore
  2 hobbits
  a large kobold
  a red mold
 45 gnomes
  3 jackals
  a fox
  2 kobolds
  3 goblins
  3 sewer rats
  9 grid bugs
  a bat
  4 lichens
  6 newts
120 creatures vanquished.

No species were genocided or became extinct.

Game over:
                       ----------
                      /          \
                     /    REST    \
                    /      IN      \
                   /     PEACE      \
                  /                  \
                  |    IanCurtis     |
                  |      169 Au      |
                  |   killed by a    |
                  |      quasit      |
                  |                  |
                  |                  |
                  |       2026       |
                 *|     *  *  *      | *
        _________)/\\_//(\/(/\)/\//\/|_)_______

Goodbye IanCurtis the Wizard...

You died in The Gnomish Mines on dungeon level 11 with 4621 points,
and 169 pieces of gold, after 3613 moves.
You were level 7 with a maximum of 49 hit points when you died.

